MLB
MIAMI MARLINS @ ATLANTA BRAVES
04/04/2020
 
TOP OF THE 1ST
Miami Marlins batting - Pitching for Atlanta Braves : RHP Miles Mikolas
Pitching: RHP Miles Mikolas
Batting: SHB Francisco Lindor 0-0: Called Strike
0-1: Ball
1-1: Ball
2-1: Foul Ball, location: 2F
2-2: Foul Ball, location: 2F
2-2: Foul Ball, location: 2F
2-2: Ball
3-2: SINGLE (Groundball, 15S, EV 66.3 MPH) (infield hit)
Batting: RHB Mike Trout 0-0: Foul Ball, location: 2F
0-1: Swinging Strike
0-2: Ball
1-2: Strikes out swinging
Francisco Lindor steals 2nd base
Batter strikes out.
Batting: RHB Javier Baez 0-0: Ball
1-0: Swinging Strike
1-1: Ground out 5-3 (Groundball, 5, EV 84.4 MPH)
Batting: LHB Kyle Tucker 0-0: Swinging Strike
0-1: Fly out, F8 (Flyball, 8RD, EV 106.3 MPH)
Top of the 1st over - 0 runs, 1 hit, 0 errors, 1 left on base; Miami 0 - Atlanta 0
BOTTOM OF THE 1ST
Atlanta Braves batting - Pitching for Miami Marlins : LHP Blaine Hardy
Pitching: LHP Blaine Hardy
Batting: RHB Yasiel Puig 0-0: Ball
1-0: Ball
2-0: Foul Ball, location: 2F
2-1: Foul Ball, location: 2F
2-2: Ball
3-2: Strikes out swinging
Batting: RHB Vladimir Guerrero Jr. 0-0: Ball
1-0: Swinging Strike
1-1: Foul Ball, location: 2F
1-2: Foul Ball, location: 2F
1-2: Fly out, F7 (Flyball, 7LM, EV 86.9 MPH)
Batting: LHB Freddie Freeman 0-0: Ground out 1-3 (Groundball, 34S, EV 66.3 MPH)
Bottom of the 1st over - 0 runs, 0 hits, 0 errors, 0 left on base; Miami 0 - Atlanta 0
TOP OF THE 2ND
Miami Marlins batting - Pitching for Atlanta Braves : RHP Miles Mikolas
Batting: RHB Miguel Andujar 0-0: Fly out, F8 (Line Drive, 8LM, EV 85.0 MPH)
Batting: RHB C.J. Cron 0-0: Called Strike
0-1: Ball
1-1: Called Strike
1-2: SOLO HOME RUN (Flyball, 7LD, EV 95.0 MPH), Distance : 365 ft
Batting: RHB Jordan Luplow 0-0: Called Strike
0-1: Foul Ball, location: 2F
0-2: Ball
1-2: Ball
2-2: Ball
3-2: Base on Balls
Batting: RHB Raudy Read 0-0: Called Strike
Pickoff Throw to First - Out! 1-3
0-1: Ground out 5-3 (Groundball, 56S, EV 63.8 MPH)
Top of the 2nd over - 1 run, 1 hit, 0 errors, 0 left on base; Miami 1 - Atlanta 0
BOTTOM OF THE 2ND
Atlanta Braves batting - Pitching for Miami Marlins : LHP Blaine Hardy
Batting: RHB Ronald Acuna Jr. 0-0: Fly out, F7 (Flyball, 7, EV 87.5 MPH)
Batting: LHB Yordan Alvarez 0-0: Ball
1-0: Called Strike
1-1: Swinging Strike
1-2: Ball
2-2: Strikes out looking
Batting: RHB Keston Hiura 0-0: Ball
1-0: Ball
2-0: Foul Ball, location: 2F
2-1: Ground out 4-3 (Groundball, 4, EV 91.9 MPH)
Bottom of the 2nd over - 0 runs, 0 hits, 0 errors, 0 left on base; Miami 1 - Atlanta 0
TOP OF THE 3RD
Miami Marlins batting - Pitching for Atlanta Braves : RHP Miles Mikolas
Batting: LHB Blaine Hardy 0-0: Called Strike
0-1: Ball
1-1: Foul Ball, location: 2F
1-2: Foul Ball, location: 2F
1-2: Foul Ball, location: 2F
1-2: Foul Ball, location: 2F
1-2: Strikes out swinging
Batting: SHB Francisco Lindor 0-0: Reached on error, E5 (Groundball, 5, EV 91.3 MPH)
Batting: RHB Mike Trout 0-0: Ball
1-0: Foul Ball, location: 2F
1-1: Called Strike
1-2: Foul Ball, location: 2F
1-2: Ball
2-2: Ball
3-2: Grounds into double play, 4-6-3 (Groundball, 34, EV 85.0 MPH)
Top of the 3rd over - 0 runs, 0 hits, 1 error, 0 left on base; Miami 1 - Atlanta 0
BOTTOM OF THE 3RD
Atlanta Braves batting - Pitching for Miami Marlins : LHP Blaine Hardy
Batting: LHB Corey Seager 0-0: Ball
1-0: Ball
2-0: DOUBLE (Line Drive, 89D, EV 107.5 MPH)
Batting: RHB Jorge Alfaro 0-0: Called Strike
0-1: Swinging Strike
0-2: Ball
1-2: Ball
2-2: Fly out, F8 (Flyball, 8RD, EV 97.5 MPH)
Batting: RHB Miles Mikolas 0-0: DOUBLE (Flyball, 89D, EV 102.5 MPH)
Corey Seager scores
Batting: RHB Yasiel Puig 0-0: Ball
1-0: Called Strike
1-1: Fly out, F7 (Flyball, 78M, EV 91.9 MPH)
Batting: RHB Vladimir Guerrero Jr. 0-0: Called Strike
0-1: Ball
1-1: Foul Ball, location: 2F
1-2: Foul Ball, location: 2F
1-2: Ball
2-2: SINGLE (Line Drive, 6MD, EV 100.0 MPH)
Miles Mikolas to third
Runner from 3rd tries for Home, SAFE, throw by CF to home
Batting: LHB Freddie Freeman 0-0: Ball
1-0: Ball
Vladimir Guerrero Jr. steals 2nd base
2-0: Fly out, F9 (Flyball, 9, EV 81.9 MPH)
Bottom of the 3rd over - 2 runs, 3 hits, 0 errors, 1 left on base; Miami 1 - Atlanta 2
TOP OF THE 4TH
Miami Marlins batting - Pitching for Atlanta Braves : RHP Miles Mikolas
Batting: RHB Javier Baez 0-0: Foul Ball, location: 2F
0-1: Ball
1-1: Called Strike
1-2: Fly out, F8 (Flyball, 8LM, EV 86.3 MPH)
Batting: LHB Kyle Tucker 0-0: Foul Ball, location: 2F
0-1: Ball
1-1: SOLO HOME RUN (Flyball, 9D, EV 103.8 MPH), Distance : 385 ft
Batting: RHB Miguel Andujar 0-0: Ball
1-0: Called Strike
1-1: SINGLE (Flyball, 56D, EV 90.0 MPH)
Batting: RHB C.J. Cron 0-0: Grounds into double play, 5-4-3 (Groundball, 56, EV 83.8 MPH)
Top of the 4th over - 1 run, 2 hits, 0 errors, 0 left on base; Miami 2 - Atlanta 2
BOTTOM OF THE 4TH
Atlanta Braves batting - Pitching for Miami Marlins : LHP Blaine Hardy
Batting: RHB Ronald Acuna Jr. 0-0: Ground out 5-3 (Groundball, 56, EV 80.0 MPH)
Batting: LHB Yordan Alvarez 0-0: Swinging Strike
0-1: Ball
1-1: Swinging Strike
1-2: SINGLE (Groundball, 34D, EV 95.0 MPH)
Batting: RHB Keston Hiura 0-0: Foul Ball, location: 2F
0-1: Swinging Strike
0-2: Ball
1-2: Foul Ball, location: 2F
1-2: Foul Ball, location: 2F
1-2: SINGLE (Groundball, 6MD, EV 98.8 MPH)
Yordan Alvarez to second
Batting: LHB Corey Seager 0-0: Called Strike
0-1: Ball
1-1: Foul Ball, location: 2F
1-2: Ball
2-2: Ball
3-2: Base on Balls
Yordan Alvarez to third
Keston Hiura to second
Batting: RHB Jorge Alfaro 0-0: Ball
1-0: Called Strike
1-1: Called Strike
1-2: Ball
2-2: Fly out, F7 (Flyball, 7S, EV 85.0 MPH)
Batting: RHB Miles Mikolas 0-0: Ball
1-0: Ball
2-0: Ball
3-0: Called Strike
3-1: Fly out, F9 (Flyball, 9, EV 88.1 MPH)
Bottom of the 4th over - 0 runs, 2 hits, 0 errors, 3 left on base; Miami 2 - Atlanta 2
TOP OF THE 5TH
Miami Marlins batting - Pitching for Atlanta Braves : RHP Miles Mikolas
Batting: RHB Jordan Luplow 0-0: Ball
1-0: Ground out 5-3 (Groundball, 56S, EV 66.3 MPH)
Batting: RHB Raudy Read 0-0: Ball
1-0: Ball
2-0: Fly out, F9 (Line Drive, 9, EV 86.3 MPH)
Batting: LHB Blaine Hardy 0-0: Ball
1-0: Called Strike
1-1: Ball
2-1: Swinging Strike
2-2: Strikes out swinging
Top of the 5th over - 0 runs, 0 hits, 0 errors, 0 left on base; Miami 2 - Atlanta 2
BOTTOM OF THE 5TH
Atlanta Braves batting - Pitching for Miami Marlins : LHP Blaine Hardy
Pitching: LHP Luiz Gohara
Batting: RHB Yasiel Puig 0-0: Ball
1-0: Swinging Strike
1-1: Ball
2-1: Fly out, F7 (Flyball, 7S, EV 73.8 MPH)
Batting: RHB Vladimir Guerrero Jr. 0-0: Called Strike
0-1: Ball
1-1: Fly out, F7 (Flyball, 7LS, EV 90.0 MPH)
Batting: LHB Freddie Freeman 0-0: Ball
1-0: Foul Ball, location: 2F
1-1: Fly out, F7 (Flyball, 78D, EV 108.1 MPH)
Bottom of the 5th over - 0 runs, 0 hits, 0 errors, 0 left on base; Miami 2 - Atlanta 2
TOP OF THE 6TH
Miami Marlins batting - Pitching for Atlanta Braves : RHP Miles Mikolas
Batting: SHB Francisco Lindor 0-0: Bunt for hit to 15 - play at first, batter OUT! 1-3
Batting: RHB Mike Trout 0-0: Called Strike
0-1: Ball
1-1: Ball
2-1: Foul Ball, location: 2F
2-2: SOLO HOME RUN (Flyball, 89XD, EV 105.6 MPH), Distance : 398 ft
Batting: RHB Javier Baez 0-0: Ball
1-0: Ground out 6-3 (Groundball, 6, EV 93.8 MPH)
Batting: LHB Kyle Tucker 0-0: Called Strike
0-1: Ball
1-1: Called Strike
1-2: SOLO HOME RUN (Flyball, 9D, EV 96.9 MPH), Distance : 405 ft
Batting: RHB Miguel Andujar 0-0: Ball
1-0: Ball
2-0: Ground out 4-3 (Groundball, 6M, EV 107.5 MPH)
Top of the 6th over - 2 runs, 2 hits, 0 errors, 0 left on base; Miami 4 - Atlanta 2
BOTTOM OF THE 6TH
Atlanta Braves batting - Pitching for Miami Marlins : LHP Luiz Gohara
Batting: RHB Ronald Acuna Jr. 0-0: Ball
1-0: Foul Ball, location: 2F
1-1: Swinging Strike
1-2: Foul Ball, location: 2F
1-2: Foul Ball, location: 2F
1-2: Ball
2-2: Ball
3-2: SINGLE (Line Drive, 9LS, EV 98.1 MPH)
Batting: LHB Yordan Alvarez 0-0: Called Strike
0-1: Swinging Strike
0-2: Ball
1-2: Ball
2-2: SINGLE (Groundball, 3S, EV 64.4 MPH) (infield hit)
Ronald Acuna Jr. to second
Pitching: RHP T.J. Zeuch
Batting: RHB Keston Hiura 0-0: Foul Ball, location: 2F
0-1: Sac Bunt to 2R - play at first, batter OUT! 2-3
Ronald Acuna Jr. to third
Yordan Alvarez to second
Batting: LHB Corey Seager 0-0: Ball
1-0: Ball
2-0: Ball
3-0: Called Strike
3-1: Foul Ball, location: 2F
3-2: Strikes out swinging
Batting: RHB Jorge Alfaro 0-0: Ball
1-0: Ball
2-0: Ball
3-0: Base on Balls
Pinch Hitting: LHB Mallex Smith 0-0: Foul Ball, location: 2F
0-1: Ball
1-1: Fielders Choice at 2nd, 6-4 (Groundball, 6D, EV 93.1 MPH)
Bottom of the 6th over - 0 runs, 2 hits, 0 errors, 3 left on base; Miami 4 - Atlanta 2
TOP OF THE 7TH
Miami Marlins batting - Pitching for Atlanta Braves : RHP Miles Mikolas
Pitching: RHP Brandon Workman
Batting: RHB C.J. Cron 0-0: Called Strike
0-1: Fly out, F9 (Flyball, 9, EV 85.6 MPH)
Batting: RHB Jordan Luplow 0-0: Called Strike
0-1: Ball
1-1: Foul Ball, location: 2F
1-2: Foul Ball, location: 2F
1-2: Ball
2-2: Ground out 6-3 (Groundball, 6, EV 89.4 MPH)
Batting: RHB Raudy Read 0-0: Ball
1-0: Ball
2-0: Called Strike
2-1: SOLO HOME RUN (Flyball, 7D, EV 91.3 MPH), Distance : 377 ft
Pinch Hitting: LHB Christin Stewart 0-0: Ground out 4-3 (Groundball, 4S, EV 89.4 MPH)
Top of the 7th over - 1 run, 1 hit, 0 errors, 0 left on base; Miami 5 - Atlanta 2
BOTTOM OF THE 7TH
Atlanta Braves batting - Pitching for Miami Marlins : RHP T.J. Zeuch
Pitching: RHP Ian Kennedy
Batting: RHB Yasiel Puig 0-0: Ball
1-0: Foul Ball, location: 2F
1-1: Ball
2-1: Foul Ball, location: 2F
2-2: SINGLE (Groundball, 6D, EV 95.0 MPH)
Batting: RHB Vladimir Guerrero Jr. 0-0: DOUBLE (Line Drive, 8LXD, EV 108.1 MPH)
Yasiel Puig to third
Batting: LHB Freddie Freeman 0-0: Ball
1-0: Swinging Strike
1-1: SINGLE (Line Drive, 9S, EV 99.4 MPH)
Yasiel Puig scores
Vladimir Guerrero Jr. to third
Batting: RHB Ronald Acuna Jr. Pickoff Throw to First - Out! 1-3
0-0: 2-RUN HOME RUN (Line Drive, 78XD, EV 101.9 MPH), Distance : 435 ft
Pitching: RHP Blake Treinen
Batting: LHB Yordan Alvarez 0-0: Ball
1-0: Ball
2-0: Ball
3-0: Foul Ball, location: 2F
3-1: Base on Balls
Batting: RHB Keston Hiura 0-0: Called Strike
0-1: Swinging Strike
0-2: Strikes out looking
Batting: LHB Corey Seager 0-0: Ball
1-0: Foul Ball, location: 2F
1-1: Foul Ball, location: 2F
1-2: SINGLE (Groundball, 15S, EV 70.6 MPH) (infield hit)
Yordan Alvarez to second
Pitching: RHP Will LaMarche
Batting: RHB Jorge Alfaro 0-0: Ball
1-0: Swinging Strike
1-1: Ball
2-1: Foul Ball, location: 2F
2-2: Foul Ball, location: 2F
2-2: Strikes out looking
Bottom of the 7th over - 3 runs, 5 hits, 0 errors, 2 left on base; Miami 5 - Atlanta 5
TOP OF THE 8TH
Miami Marlins batting - Pitching for Atlanta Braves : RHP Brandon Workman
Pitching: RHP Luke Jackson
Batting: SHB Francisco Lindor 0-0: Ball
1-0: SOLO HOME RUN (Flyball, 7D, EV 103.1 MPH), Distance : 390 ft
Batting: RHB Mike Trout 0-0: Ball
1-0: Fly out, F9 (Flyball, 9, EV 88.8 MPH)
Batting: RHB Javier Baez 0-0: Ball
1-0: Swinging Strike
1-1: Swinging Strike
1-2: Foul Ball, location: 2F
1-2: Strikes out swinging
Batting: LHB Kyle Tucker 0-0: Ball
1-0: Called Strike
1-1: Ball
2-1: Ball
3-1: Called Strike
3-2: Base on Balls
Batting: RHB Miguel Andujar 0-0: Ball
1-0: Called Strike
Kyle Tucker steals 2nd base (no throw)
1-1: Ground out 6-3 (Groundball, 6M, EV 106.9 MPH)
Top of the 8th over - 1 run, 1 hit, 0 errors, 1 left on base; Miami 6 - Atlanta 5
BOTTOM OF THE 8TH
Atlanta Braves batting - Pitching for Miami Marlins : RHP Will LaMarche
Pinch Hitting: RHB Miguel Sano 0-0: Ball
1-0: Swinging Strike
1-1: Foul Ball, location: 2F
1-2: Strikes out looking
Batting: RHB Yasiel Puig 0-0: Called Strike
0-1: Swinging Strike
0-2: Ball
1-2: Ball
2-2: Foul Ball, location: 2F
2-2: Strikes out swinging
Batting: RHB Vladimir Guerrero Jr. 0-0: SINGLE (Line Drive, 8LS, EV 90.0 MPH)
Pitching: RHP Emmanuel Clase
Batting: LHB Freddie Freeman 0-0: Ground out 1-3 (Groundball, 34S, EV 68.1 MPH)
Bottom of the 8th over - 0 runs, 1 hit, 0 errors, 1 left on base; Miami 6 - Atlanta 5
TOP OF THE 9TH
Miami Marlins batting - Pitching for Atlanta Braves : RHP Luke Jackson
Pitching: RHP Frankie Montas
Batting: RHB C.J. Cron 0-0: Ball
1-0: Called Strike
1-1: Ball
2-1: Swinging Strike
2-2: Foul Ball, location: 2F
2-2: Foul Ball, location: 2F
2-2: Strikes out swinging
Batting: RHB Jordan Luplow 0-0: Foul Ball, location: 2F
0-1: Swinging Strike
0-2: Foul Ball, location: 2F
0-2: Ball
1-2: Ball
2-2: Ball
3-2: Strikes out swinging
Batting: RHB Raudy Read 0-0: Ball
1-0: DOUBLE (Line Drive, 9LS, EV 95.0 MPH)
Pinch Hitting: LHB Nick Williams 0-0: Called Strike
0-1: Foul Ball, location: 2F
0-2: Ball
1-2: SINGLE (Line Drive, 78S, EV 107.5 MPH)
Raudy Read to third
Runner from 3rd tries for Home, SAFE, throw by LF to home
Batting: SHB Francisco Lindor 0-0: Swinging Strike
0-1: Foul Ball, location: 2F
0-2: Reached on error, E6 (Groundball, 6, EV 78.1 MPH)
Nick Williams to second
Batting: RHB Mike Trout 0-0: Ball
1-0: Foul Ball, location: 2F
1-1: Foul Ball, location: 2F
1-2: Ball
2-2: Ground out 6-3 (Groundball, 6S, EV 78.1 MPH)
Top of the 9th over - 1 run, 2 hits, 1 error, 2 left on base; Miami 7 - Atlanta 5
BOTTOM OF THE 9TH
Atlanta Braves batting - Pitching for Miami Marlins : RHP Emmanuel Clase
Pitching: RHP Jordan Hicks
Batting: RHB Ronald Acuna Jr. 0-0: Ball
1-0: Ball
2-0: Ground out 3-1 (Groundball, 34, EV 81.9 MPH)
Batting: LHB Yordan Alvarez 0-0: Ball
1-0: Swinging Strike
1-1: Foul Ball, location: 2F
1-2: Ball
2-2: Ball
3-2: Strikes out looking
Batting: RHB Keston Hiura 0-0: Swinging Strike
0-1: Swinging Strike
0-2: Strikes out swinging
Bottom of the 9th over - 0 runs, 0 hits, 0 errors, 0 left on base; Miami 7 - Atlanta 5
Monday, May 25th, 2020 - OOTP Baseball 21.3 Build 54